 Dungeon Crawl Stone Soup version 0.32-a0-485-g70f7560b1c (webtiles) character file.

Game seed: 8614285339596699034

2629304 Gryn the Axe Maniac (level 26, 266/266 HPs)
             Began as a Mountain Dwarf Monk on Feb 26, 2024.
             Was the Champion of Wu Jian.
             Escaped with the Orb
             ... and 4 runes!
             The game lasted 03:13:24 (57541 turns).

Gryn the Axe Maniac (Mountain Dwarf Monk)          Turns: 57541, Time: 03:13:25

Health: 266/266    AC: 45    Str: 33    XL:     26   Next: 74%
Magic:  11/11      EV: 20    Int: 19    God:    Wu Jian [******]
Gold:   6232       SH: 27    Dex: 17    Spells: 18/25 levels left

rFire   + . .        b - +10 broad axe of Pestilence {spect, rC+ Dex+2}
rCold   + + +        H - +3 tower shield
rNeg    + + +        L - +8 orange crystal plate armour {Archmagi, Int+3 Clar}
rPois   +            P - +2 hat of Kiloxom {+Inv rN+ Regen+ rCorr}
rElec   +            o - +4 dragonskin cloak
rCorr   +            j - +2 pair of gloves
SInv    .            G - +2 pair of boots of Joy {Str+7 Int+2}
Will    ++++.        K - amulet of Abrasae {Will++ Regen+ Dex+3} Stlth
                     C - ring "Dowu" {^Drain rPois rF+ rC+++ Stlth-}
HPRegen 2.24/turn    W - ring of Tiridos {rElec rN++ MP-9 EV+5 Int+3}
MPRegen 0.12/turn

%: clarity, archmagi
@: studying 2 skills
A: runic magic, artefact enchanting, deformed body, low MP 1, poison resistance,
teleportitis 1
0: Orb of Zot
}: 4/15 runes: decaying, slimy, silver, gossamer
a: Renounce Religion, Evoke Invisibility, Wall Jump, Serpent's Lash, Heavenly
Storm


You escaped.
You worshipped Wu Jian.
Wu Jian was exalted by your worship.
You visited 10 branches of the dungeon, and saw 52 of its levels.
You also visited: Ossuary, Ice Cave and Wizlab.

You collected 9152 gold pieces.
You spent 2920 gold pieces at shops.

Inventory:

Hand Weapons
 a - a +9 broad axe of flaming
 b - the +10 broad axe of Pestilence (weapon) {spect, rC+ Dex+2}
   (You acquired it on level 4 of the Swamp)

   Dex+2:     It affects your dexterity (+2).
   rC+:       It protects you from cold.
Missiles
 U - 13 silver javelins
Armour
 i - a scarf of resistance
 j - a +2 pair of gloves (worn)
 o - the +4 dragonskin cloak (worn)
   (You took it off Tiamat on level 3 of the Realm of Zot)

   Avatar's Aegis: It grants the wearer a chance to resist fire, cold, poison,
   electricity, acid, and negative energy.
 y - the +1 cloak of Starlight {*Dazzle EV+4 Stlth--}
   (You found it in a wizard's laboratory)

   *Dazzle:   It may blind those who miss an attack against the wearer in melee
   combat.
   EV+4:      It affects your evasion (+4).
   Stlth--:   It makes you much less stealthy.
 G - the +2 pair of boots of Joy (worn) {Str+7 Int+2}
   (You found it on level 5 of the Vaults)

   Str+7:     It affects your strength (+7).
   Int+2:     It affects your intelligence (+2).
 H - a +3 tower shield (worn)
 L - the +8 orange crystal plate armour (worn) {Archmagi, Int+3 Clar}
   (You found it on level 5 of the Vaults)

   Int+3:     It affects your intelligence (+3).
   Clar:      It protects you from confusion, rage, mesmerisation and fear.
 P - the +2 hat of Kiloxom (worn) {+Inv rN+ Regen+ rCorr}
   (You found it on level 14 of the Dungeon)

   rN+:       It protects you from negative energy.
   +Inv:      It lets you turn invisible.
   Regen+:    It increases your rate of health regeneration.
   rCorr:     It protects you from acid and corrosion.
Jewellery
 k - a ring of see invisible
 v - a ring of protection from fire
 C - the ring "Dowu" (left hand) {^Drain rPois rF+ rC+++ Stlth-}
   (You found it in an ice cave)

   [ring of protection from fire]

   rF+:       It protects you from fire.
   rC+++:     It renders you almost immune to cold.
   rPois:     It protects you from poison ^Drain: It drains your maximum health
   when unequipped.
   Stlth-:    It makes you less stealthy.
 K - the amulet of Abrasae (around neck) {Will++ Regen+ Dex+3}
   (You found it on level 5 of the Pits of Slime)

   [amulet of regeneration]

   Dex+3:     It affects your dexterity (+3).
   Will++:    It greatly increases your willpower.
   Regen+:    It increases your rate of health regeneration.
 W - the ring of Tiridos (right hand) {rElec rN++ MP-9 EV+5 Int+3}
   (You found it on level 14 of the Dungeon)

   [ring of evasion]

   EV+5:      It affects your evasion (+5).
   Int+3:     It affects your intelligence (+3).
   rElec:     It insulates you from electricity.
   rN++:      It greatly protects you from negative energy.
   MP-9:      It affects your magic capacity (-9).
Wands
 r - a wand of roots (43)
 B - a wand of quicksilver (45)
 F - a wand of flame (177) (quivered)
 Y - a wand of digging (50)
Scrolls
 e - 3 scrolls of silence
 f - 4 scrolls of revelation
 l - 11 scrolls of fear
 n - 8 scrolls of teleportation
 p - 4 scrolls of summoning
 w - 10 scrolls of immolation
 x - 6 scrolls of poison
 D - a scroll of blinking
 M - 5 scrolls of brand weapon
 N - 3 scrolls of torment
 S - 9 scrolls of enchant weapon
 T - 10 scrolls of vulnerability
 Z - 6 scrolls of fog
Potions
 c - 11 potions of enlightenment
 g - 5 potions of cancellation
 h - 10 potions of ambrosia
 q - a potion of heal wounds
 s - 7 potions of brilliance
 t - 26 potions of curing
 u - 4 potions of magic
 z - 8 potions of might
 A - 7 potions of attraction
 E - 2 potions of berserk rage
 J - 8 potions of haste
 Q - 2 potions of resistance
 R - 2 potions of invisibility
Miscellaneous
 d - a phantom mirror
 m - a lightning rod (4/4)
 I - a tin of tremorstones (2/2)
 O - a phial of floods
 V - a box of beasts


   Skills:
 O Level 27 Fighting
 O Level 27 Axes
 + Level 23.1 Armour
 - Level 14.5 Dodging
 + Level 23.9 Shields
 - Level 14.0 Necromancy
 - Level 16.0 Evocations


You had 18 spell levels left.
You knew the following spells:

 Your Spells              Type           Power      Damage    Failure   Level
a - Vampiric Draining     Necr           68%        2d10      1%          3
b - Dispel Undead         Necr           68%        3d23      1%          4

Your spell library contained the following spells:

 Spells                   Type           Power      Damage    Failure   Level
 Animate Dead             Necr           68%        N/A       1%          4
 Kiss of Death            Conj/Necr      100%       2d13      2%          1
 Cigotuvi's Dreadful Rot  Necr/Alch/Air  52%        N/A       9%          2
 Death Channel            Necr           34%        N/A       19%         6
 Anguish                  Hex/Necr       19%        N/A       22%         4
 Martyr's Knell           Necr/Summ      39%        N/A       22%         4
 Apportation              Tloc           0%         N/A       36%         1
 Freeze                   Ice            0%         1d3       36%         1
 Magic Dart               Conj           0%         1d3       36%         1
 Sandblast                Erth           0%         2d4       36%         1
 Shock                    Conj/Air       0%         1d3       36%         1
 Slow                     Hex            0%         N/A       36%         1
 Sting                    Conj/Alch      0%         1d3       36%         1
 Blink                    Tloc           0%         N/A       50%         2
 Ensorcelled Hibernation  Hex/Ice        0%         N/A       50%         2
 Jinxbite                 Hex            0%         N/A       50%         2
 Lesser Beckoning         Tloc           0%         N/A       50%         2
 Mercury Vapours          Alch/Air       0%         N/A       50%         2
 Momentum Strike          Conj/Tloc      0%         3d8       50%         2
 Static Discharge         Conj/Air       0%         3-3/arc   50%         2
 Borgnjor's Vile Clutch   Necr/Erth      19%        N/A       52%         5
 Call Canine Familiar     Summ           0%         N/A       75%         3
 Confusing Touch          Hex            0%         N/A       75%         3
 Dazzling Flash           Conj/Hex       0%         N/A       75%         3
 Gell's Gravitas          Tloc           0%         N/A       75%         3
 Hailstorm                Conj/Ice       0%         3d5       75%         3
 Inner Flame              Hex/Fire       0%         N/A       75%         3
 Mephitic Cloud           Conj/Alch/Air  0%         N/A       75%         3
 Passwall                 Erth           0%         N/A       75%         3
 Sigil of Binding         Hex            0%         N/A       75%         3
 Stone Arrow              Conj/Erth      0%         3d7       75%         3
 Summon Ice Beast         Ice/Summ       0%         N/A       75%         3
 Swiftness                Air            0%         N/A       75%         3
 Teleport Other           Tloc           0%         N/A       75%         3
 Tukima's Dance           Hex            0%         N/A       75%         3
 Volatile Blastmotes      Fire/Tloc      0%         2d10      75%         3
 Airstrike                Air            0%         2d(0-16)  98%         4
 Animate Armour           Summ/Erth      0%         N/A       98%         4
 Brom's Barrelling Bould  Conj/Erth      0%         2d3       98%         4
 Cause Fear               Hex            0%         N/A       98%         4
 Dimensional Bullseye     Hex/Tloc       0%         N/A       98%         4
 Fulminant Prism          Conj/Alch      0%         3d5       98%         4
 Ignite Poison            Fire/Alch      0%         N/A       98%         4
 Iskenderun's Mystic Bla  Conj/Tloc      0%         2d3       98%         4
 Olgreb's Toxic Radiance  Alch           0%         N/A       98%         4
 Sticky Flame             Fire/Alch      0%         2d4       98%         4
 Summon Blazeheart Golem  Fire/Summ      0%         N/A       98%         4
 Summon Lightning Spire   Summ/Air       0%         N/A       98%         4
 Alistair's Intoxication  Alch           0%         N/A       100%        5
 Freezing Cloud           Conj/Ice/Air   0%         6-21      100%        5
 Irradiate                Conj/Alch      0%         3d11      100%        5
 Yara's Violent Unravell  Hex/Alch       0%         3d3       100%        5
 Conjure Ball Lightning   Conj/Air       0%         3x3d6     100%        6
 Eringya's Noxious Bog    Alch           0%         4d6       100%        6
 Sculpt Simulacrum        Ice/Alch       0%         N/A       100%        6
 Starburst                Conj/Fire      0%         6d3       100%        6
 Enfeeble                 Hex            0%         N/A       100%        7
 Haunt                    Necr/Summ      19%        N/A       100%        7
 Orb of Destruction       Conj           0%         9d5       100%        7
 Ozocubu's Refrigeration  Ice            0%         4d7       100%        7
 Spellforged Servitor     Conj/Summ      0%         N/A       100%        7
 Borgnjor's Revivificati  Necr           34%        N/A       100%        8
 Discord                  Hex            0%         N/A       100%        8
 Disjunction              Tloc           0%         N/A       100%        8
 Ignition                 Fire           0%         3d3       100%        8
 Lehudib's Crystal Spear  Conj/Erth      0%         10d2      100%        8
 Maxwell's Capacitive Co  Air            0%         ∞         100%        8
 Chain Lightning          Conj/Air       0%         N/A       100%        9
 Death's Door             Necr           34%        N/A       100%        9
 Fire Storm               Conj/Fire      0%         5d1       100%        9
 Shatter                  Erth           0%         3d5*      100%        9


Dungeon Overview and Level Annotations

Branches:
Dungeon (15/15)            Temple (0/1) D:5            Lair (5/5) D:11
  Swamp (4/4) Lair:2       Spider (4/4) Lair:3        Slime (5/5) Lair:5
    Orc (2/2) D:9             Elf (3/3) Orc:2        Vaults (5/5) D:14
  Crypt (0/3) Vaults:2     Depths (4/4) D:15            Zot (5/5) Depths:4
Ossuary (visited)           IceCv (visited)          WizLab (visited)

Altars:
Ashenzari
Dithmenos
Hepliaklqana
Kikubaaqudgha
Makhleb
Vehumet
Wu Jian
Xom
Zin
Beogh

Shops:
D:10 =   D:12 :   D:13 :   Orc:2 =?[!   Elf:3 (![(*   Vaults:2 ?   Vaults:4 [[
Vaults:5 (   Depths:1 [?

Portals:
Hell: Depths:1 Depths:2 Depths:3 Depths:4
Abyss: Depths:3
Pandemonium: Orc:2 Depths:2
Ziggurat: Depths:4
Trove: D:15 (give +4 storm dragon scales)

Annotations:
D:7 1 runed translucent door, Chadd's ghost, novice CoGl
Orc:1 Refias Xutt's ghost, journeyman DrAl
Depths:3 3 runed translucent doors


Innate Abilities, Weirdness & Mutations

Your spellcasting is much less encumbered by armour.
You can use scrolls of enchantment on lesser artefacts.
Armour fits poorly on your strangely shaped body.
Your magical capacity is low. (-10% MP)
Your system is resistant to poisons. (rPois)
You are occasionally teleported next to monsters.


Message History

There is a stone staircase leading down here.
The jelly quivers.
There is a stone staircase leading up here.
You climb upwards.
There is a stone staircase leading down here.
Magic restored.
There is an escape hatch in the ceiling here.
A mysterious force pulls you upwards. The hatch slams shut behind you.
There is a stone staircase leading up here.
You climb upwards.
Level annotation: 1 runed translucent door, Chadd's ghost, novice CoGl
There is a stone staircase leading down here.
There is a stone staircase leading up here.
You climb upwards.
There is a stone staircase leading down, spattered with blood here.
Things that are here:
a +0 ring mail of poison resistance; a +0 rapier
There is a stone staircase leading up here.
There are no items here.
You climb upwards.
There is a stone staircase leading down here.
There is an escape hatch in the ceiling here.
A mysterious force pulls you upwards. The hatch slams shut behind you.
An Ice Fiend comes into view.
You can't go up here!
There is a stone staircase leading up here.
You climb upwards.
There is a stone staircase leading down here.
There is a stone staircase leading up here.
You climb upwards.
There is a stone staircase leading down here.
Things that are here:
4 stones; a +0 dagger of venom; a kobold skeleton You see here a +0 quarterstaff.
Things that are here:
a +0 club; an adder skeleton; a goblin skeleton
There is an escape hatch in the ceiling here.
A mysterious force pulls you upwards. The hatch slams shut behind you.
There is a staircase leading out of the dungeon here.
You have escaped!

#...#≈.~#≈≈§###########
#...#≈.≈#≈≈.#
#...#~.~#≈..#
#...#...#...#
#...........#
#...........#
#...........#
#...........#
#.....@.....#
#...........#
#############


There were no monsters in sight!

Vanquished Creatures
  Dissolution (Slime:3)
  the Royal Jelly (Slime:5)
  2 pandemonium lords
  Tiamat (Zot:3)
  2 dread liches
  3 orbs of fire (Zot:5)
  3 ancient liches
  8 Killer Klowns (Zot:5)
  Parghit (Depths:3)
  Boris (twice) (Vaults:4 Depths:4)
  Saint Roka (Depths:2)
  A curse toe (Zot:4)
  7 caustic shrikes (Depths:4)
  A profane servitor (WizLab)
  Norris (Depths:2)
  Nikola (Elf:1)
  18 golden dragons
  3 doom hounds (Depths:2)
  2 bone dragons (Depths:4)
  3 electric golems
  Arachne (Spider:3)
  Jorgrun (D:12)
  An Ice Fiend (Zot:2)
  20 tentacled monstrosities
  Asterion (Vaults:1)
  27 Orb Guardians
  Grunn (Depths:2)
  A walking frostbound tome (Depths:3)
  2 deep elf master archers (Elf:3)
  7 titans
  7 liches
  3 sphinxes
  4 quicksilver dragons
  10 death cobs
  2 deep elf blademasters (Elf:3)
  15 acid blobs
  2 Executioners
  2 eldritch tentacles (WizLab)
  3 tentacled starspawn (WizLab)
  Frances (D:12)
  5 tengu reavers
  Roxanne (Spider:3)
  11 shadow dragons
  A thorn hunter (Swamp:4)
  Agnes (Elf:1)
  14 storm dragons
  12 rockslimes (Slime:5)
  2 protean progenitors (Zot:5)
  8 draconian knights
  9 emperor scorpions
  2 deep elf sorcerers
  3 draconian monks
  8 frost giants
  9 fire giants
  13 azure jellies
  3 balrugs
  3 iron dragons
  4 deep elf elementalists
  4 draconian scorchers
  21 vault wardens
  5 draconian shifters
  9 ghost moths
  Louise (Spider:2)
  8 quicksilver oozes
  A demonspawn corrupter (WizLab)
  6 draconian stormcallers
  7 ironbound thunderhulks
  A spriggan defender (Depths:1)
  18 ironbound preservers
  17 very ugly things
  A demonspawn blood saint (D:11)
  10 stone giants
  5 broodmothers
  A formless jellyfish (Vaults:3)
  9 black draconians
  12 deep elf death magi
  7 deep elf demonologists
  2 vampire knights
  10 red draconians
  7 deep elf annihilators
  A lorocyproca (D:12)
  13 green draconians
  3 bunyips (Swamp:3)
  6 purple draconians
  10 white draconians
  8 war gargoyles
  4 eleionomae
  8 spark wasps
  5 dire elephants
  13 yellow draconians
  3 green deaths
  3 crystal guardians
  5 blizzard demons
  Snorg (Orc:2)
  9 entropy weavers
  3 fire dragons
  13 ettins
  The ghost of Gonkerye the Skirmisher, a journeyman DgHu (D:14)
  14 great orbs of eyes
  A rakshasa (WizLab)
  9 yaktaur captains
  8 peacekeepers
  8 deep elf high priests
  2 demonspawn (Orc:2)
  A ghost crab (Swamp:4)
  Erolcha (D:11)
  8 ice dragons
  39 vault guards
  A sphinx zombie (Depths:2)
  3 hell beasts
  17 hydras
  An alligator (shapeshifter) (Vaults:5)
  4 spriggan air magi
  7 centaur warriors
  4 ogre magi
  2 two-headed ogres (shapeshifter)
  9 alligators
  15 ironbound frosthearts
  14 two-headed ogres
  33 dancing weapons
  2 death knights (Vaults:2)
  5 boulder beetles
  2 radroaches
  7 deep troll shamans
  8 tengu warriors
  An occultist (Depths:1)
  13 deep troll earth magi
  A titan zombie (Depths:2)
  Urug (Lair:1)
  4 thrashing horrors
  Nergalle (D:12)
  3 spriggan berserkers (Depths:1)
  6 demonic crawlers
  A hell knight (Vaults:5)
  25 deep elf knights
  5 sun demons
  7 orc high priests
  A skeletal warrior (D:14)
  An emperor scorpion zombie (WizLab)
  5 skysharks
  8 pharaoh ants
  A shadow wraith (Vaults:5)
  2 soul eaters (Depths:3)
  4 iron trolls
  A salamander mystic (Depths:4)
  A sixfirhy (Zot:2)
  8 spriggan druids
  5 goliath frogs
  13 orb spiders
  Pikel (D:4)
  7 arcanists
  48 deep trolls
  2 flayed ghosts
  2 obsidian statues (WizLab)
  7 swamp dragons
  A deep troll (shapeshifter) (Depths:4)
  8 glowing orange brains
  9 bog bodies
  2 sun moths
  14 deep elf archers
  9 steelbarb worms
  21 deep elf zephyrmancers
  4 lindwurms
  A harpy (Vaults:3)
  An anaconda skeleton (WizLab)
  A phantasmal warrior (Vaults:5)
  5 orc knights
  8 thermic dynamos
  6 orc sorcerers
  4 necromancers
  17 ironbound convokers
  28 deep elf pyromancers
  4 oklob plants (Lair:4)
  An iron dragon skeleton (Depths:2)
  5 shining eyes
  4 manticores
  27 wolf spiders
  9 cyclopes
  30 ugly things
  A frost giant zombie (Depths:2)
  Maurice (D:11)
  A stone giant zombie (Vaults:3)
  28 moths of wrath
  2 ice statues (IceCv)
  4 salamanders
  An elephant (shapeshifter) (D:13)
  2 rust devils
  A meliai (shapeshifter) (D:14)
  4 meliai
  52 slime creatures
  2 stone giant skeletons (Vaults:3)
  6 will-o-the-wisps
  2 black mambas
  An apocalypse crab (WizLab)
  2 kobold blastminers (Orc:2)
  2 water nymphs (shapeshifter)
  A guardian serpent (shapeshifter) (Vaults:1)
  11 cane toads
  Joseph (D:10)
  5 orange demons
  31 elephants
  3 smoke demons
  21 vault sentinels
  8 torpor snails
  An unseen horror (WizLab)
  3 gargoyles
  Maggie (D:10)
  A rime drake (Lair:4)
  A rime drake (shapeshifter) (Depths:1)
  An unseen horror (shapeshifter) (Elf:1)
  2 kobold demonologists (D:11)
  An efreet (WizLab)
  A komodo dragon (shapeshifter) (Vaults:5)
  Psyche (D:11)
  16 yaktaurs
  A tengu conjurer (Depths:4)
  4 freezing wraiths
  2 yaktaur zombies (Vaults:3)
  A yaktaur skeleton (Vaults:3)
  6 komodo dragons
  A bloated husk (Swamp:1)
  2 red devils
  11 trolls
  2 hellwings
  A polar bear (Lair:2)
  A queen bee (Spider:3)
  8 tyrant leeches
  A polar bear (shapeshifter) (Elf:2)
  A wolf spider simulacrum (D:15)
  A hornet (shapeshifter) (Elf:2)
  2 glass eyes
  23 tarantellas
  17 hornets
  5 blink frogs (Lair:4)
  A raiju (WizLab)
  7 dream sheep (Lair:3)
  A human simulacrum (Vaults:3)
  A dream sheep (shapeshifter) (D:14)
  A stone giant simulacrum (Vaults:3)
  2 air elementals
  41 jumping spiders
  6 water elementals
  9 spriggans
  2 centaur simulacra (D:14)
  5 wraiths
  3 shadows
  A culicivora (shapeshifter) (Elf:3)
  29 culicivoras
  3 wyverns
  6 ynoxinuls
  2 fire elementals
  A tarantella (shapeshifter) (Vaults:3)
  27 yaks
  7 basilisks
  2 humans (D:14)
  A warg (Orc:1)
  A yaktaur simulacrum (Vaults:3)
  2 steam dragons
  67 redbacks
  12 vampire mosquitoes
  A chaos spawn (D:13)
  A neqoxec (Orc:2)
  19 swamp worms
  A water moccasin (shapeshifter) (Elf:1)
  13 water moccasins
  Duvessa (D:6)
  4 acid dragons
  A swamp drake (Swamp:2)
  3 ice beasts
  A black bear (shapeshifter) (Elf:1)
  27 orc warriors
  A sky beast (D:7)
  3 laughing skulls (D:14)
  2 redbacks (shapeshifter)
  12 ogres
  A black bear (D:5)
  22 wolves
  3 boggarts (WizLab)
  A wolf (shapeshifter) (Elf:2)
  A phantom (D:6)
  5 centaurs
  3 lemures (D:4)
  A kobold brigand (D:8)
  4 elf zombies (Ossuary)
  A gnoll sergeant (D:8)
  7 bullfrogs
  10 scorpions
  4 earth elementals
  Dowan (D:7)
  17 killer bees
  An electric eel (Lair:4)
  6 howler monkeys
  A bombardier beetle (D:4)
  3 hounds
  29 orc priests
  A gnoll bouda (D:6)
  7 human zombies
  A spectral scorpion (Ossuary)
  A jelly (D:10)
  Jessica (D:3)
  3 sleepcaps
  4 iguanas
  16 orc wizards
  5 hell rats (Lair:3)
  4 spectral hounds (Ossuary)
  2 crocodile zombies (Ossuary)
  2 mummies (Ossuary)
  A scorpion simulacrum (Ossuary)
  10 gnolls
  5 adders
  4 hound simulacra (Ossuary)
  A shadow imp (D:5)
  2 white imps
  2 ufetubi (D:5)
  A spectral adder (Ossuary)
  2 spectral gnolls (Ossuary)
  2 dart slugs
  A ribbon worm (D:2)
  2 adder simulacra (Ossuary)
  72 orcs
  7 endoplasms
  2 giant cockroaches (D:4)
  5 gnoll zombies (Ossuary)
  12 goblins
  10 hobgoblins
  3 jackals (D:4)
  15 kobolds
  A quokka (D:4)
  9 ball pythons
  9 bats
  3 frilled lizards
  4 gnoll simulacra (Ossuary)
  A jackal simulacrum (Ossuary)
  5 kobold zombies (Ossuary)
  6 orc zombies (Ossuary)
  6 rats
  2 spectral jackals (Ossuary)
  2 butterflies (Lair:3)
  2 spectral weapons (Vaults:1)
  A starspawn tentacle (WizLab)
2202 creatures vanquished.

Vanquished Creatures (collateral kills)
  An acid blob (Slime:5)
  A draconian knight (Zot:3)
  A purple draconian (Zot:3)
  A great orb of eyes (Slime:5)
  An ugly thing (IceCv)
  An anaconda simulacrum (IceCv)
  2 death yak simulacra (IceCv)
  A cane toad simulacrum (IceCv)
  A wolf simulacrum (IceCv)
10 creatures vanquished.

Vanquished Creatures (others)
  A draconian monk (Zot:5)
  A fire giant (Vaults:5)
  A thrashing horror (Swamp:4)
  A deep elf knight (Elf:3)
  A sun demon (Depths:2)
  2 spriggan druids (Swamp:3)
  An ironbound convoker (Vaults:4)
  A swamp dragon (Swamp:3)
  A bog body (Swamp:3)
  A deep elf zephyrmancer (Elf:1)
  A wolf spider (Spider:2)
  A hornet (Swamp:3)
  5 bloated husks
  A hellwing (Depths:2)
  A jumping spider (Spider:4)
  A spriggan (Swamp:3)
  2 redbacks
  An orc warrior (Orc:1)
  An orc wizard (Orc:1)
  38 foxfires
  144 spectral weapons
  6 starspawn tentacles (WizLab)
213 creatures vanquished.

Grand Total: 2425 creatures vanquished

Notes
Turn   | Place    | Note
-------+----------+-------------------------------------------
     0 | D:1      | Gryn the Mountain Dwarf Monk began the quest for the Orb.
     0 | D:1      | Reached XP level 1. HP: 19/19 MP: 1/1
   204 | D:1      | Reached XP level 2. HP: 23/26 MP: 2/2
   453 | D:1      | You fall into a shaft and drop 1 floor!
   688 | D:1      | Reached skill level 5 in Axes
   916 | D:1      | Found a faded altar of an unknown god.
  1035 | D:2      | Reached XP level 3. HP: 30/31 MP: 3/3
  1475 | D:2      | Reached XP level 4. HP: 35/38 MP: 4/4
  2143 | D:3      | Noticed Jessica
  2146 | D:3      | Killed Jessica
  2248 | D:3      | Found an ornate altar of the Wu Jian Council.
  2260 | D:3      | Became a worshipper of the Wu Jian Council
  2260 | D:3      | Reached * piety under Wu Jian
  2260 | D:3      | Reached ** piety under Wu Jian
  2581 | D:3      | Reached XP level 5. HP: 45/45 MP: 5/5
  2788 | D:4      | Found a sand-covered staircase.
  2793 | Ossuary  | Entered an ossuary
  2850 | Ossuary  | Reached *** piety under Wu Jian
  2929 | Ossuary  | Reached XP level 6. HP: 31/51 MP: 6/6
  3305 | Ossuary  | Reached XP level 7. HP: 15/57 MP: 7/7
  3494 | Ossuary  | Reached **** piety under Wu Jian
  3534 | Ossuary  | Reached skill level 1 in Armour
  3687 | Ossuary  | Reached skill level 10 in Axes
  4185 | D:4      | Reached ***** piety under Wu Jian
  4242 | D:4      | Identified the +6 falchion of Propriety {holy, +Blink
                  | Stlth+}
  4396 | D:4      | Noticed Pikel
  4499 | D:4      | Killed Pikel
  4500 | D:4      | Reached skill level 5 in Armour
  4500 | D:4      | Reached XP level 8. HP: 31/71 MP: 8/8
  5987 | D:5      | Entered Level 5 of the Dungeon
  6037 | D:5      | Found a staircase to the Ecumenical Temple.
  6518 | D:5      | Found a glowing silver altar of Zin.
  6522 | D:5      | Found an ancient bone altar of Kikubaaqudgha.
  6525 | D:5      | Found a hazy altar of Hepliaklqana.
  6525 | D:5      | Found a broken altar of Ashenzari.
  6532 | D:5      | Found a radiant altar of Vehumet.
  6920 | D:5      | Reached XP level 9. HP: 79/79 MP: 9/9
  7905 | D:7      | Noticed Dowan
  7906 | D:7      | Noticed Duvessa
  7910 | D:7      | Killed Dowan
  7926 | D:6      | Killed Duvessa
  8244 | D:7      | Found a shadowy altar of Dithmenos.
  8376 | D:7      | Found a runed translucent door.
  8380 | D:7      | Noticed Chadd's ghost (novice CoGl)
  9196 | D:8      | Noticed a two-headed ogre
  9210 | D:8      | Killed a two-headed ogre
  9210 | D:8      | Reached XP level 10. HP: 38/91 MP: 10/10
  9601 | D:8      | Identified the scarf of the Louse {+Inv, rC+ rCorr Dex+3}
  9630 | D:8      | Noticed a gargoyle
  9637 | D:8      | Killed a gargoyle
 10135 | D:8      | Found a roughly hewn altar of Beogh.
 10484 | D:9      | Reached skill level 10 in Fighting
 10816 | D:9      | Found a staircase to the Orcish Mines.
 10848 | D:9      | Reached skill level 10 in Armour
 10998 | D:10     | Entered Level 10 of the Dungeon
 11556 | D:10     | Found a shimmering altar of Xom.
 11578 | D:10     | Noticed Joseph
 11589 | D:10     | Killed Joseph
 11596 | D:10     | Reached XP level 11. HP: 41/99 MP: 11/11
 11803 | D:10     | Found a burning altar of Makhleb.
 11834 | D:10     | Noticed Maggie
 11844 | D:10     | Killed Maggie
 12048 | D:10     | Found Gagatun's Jewellery Shop.
 12306 | D:11     | Noticed Erolcha
 12306 | D:11     | Noticed Psyche
 12306 | D:11     | Noticed a red ugly thing
 12306 | D:11     | Noticed a two-headed ogre
 12306 | D:11     | Found a staircase to the Lair.
 12308 | D:11     | Killed a two-headed ogre
 12308 | D:11     | Reached skill level 1 in Shields
 12310 | D:11     | Killed a red ugly thing
 12313 | D:11     | Killed Psyche
 12315 | D:11     | Killed Erolcha
 12316 | D:11     | Reached skill level 15 in Axes
 12635 | D:11     | Noticed a white ugly thing
 12644 | D:11     | Killed a white ugly thing
 12919 | D:11     | Identified the +4 cloak of Pride {rElec rCorr Int-5 Dex-2}
 12966 | D:11     | Identified the +0 leather armour "Tuatsont" {+Blink rElec
                  | Str+3}
 12979 | D:11     | Reached skill level 5 in Shields
 13364 | D:11     | Noticed Maurice
 13388 | D:11     | Killed Maurice
 13642 | Lair:1   | Entered Level 1 of the Lair of Beasts
 13678 | Lair:1   | Noticed Urug
 13689 | Lair:1   | Killed Urug
 13946 | Lair:1   | Reached XP level 12. HP: 97/106 MP: 12/12
 14455 | Lair:1   | Found a burning altar of Makhleb.
 14965 | Lair:2   | Found a frozen archway.
 14973 | IceCv    | Entered an ice cave
 14981 | IceCv    | Reached skill level 10 in Shields
 14985 | IceCv    | Reached skill level 1 in Evocations
 15324 | IceCv    | Found a transporter.
 15339 | IceCv    | Found a transporter.
 15371 | IceCv    | Identified the amulet of Egalitarianism {Reflect Regen+
                  | Dex+6 Slay-4 SH+5}
 15599 | IceCv    | Identified the ring "Dowu" {^Drain rPois rF+ rC+++ Stlth-}
 15682 | Lair:2   | Reached skill level 5 in Evocations
 15851 | Lair:2   | Noticed a four-headed hydra
 15862 | Lair:2   | Killed a one-headed hydra
 16098 | Lair:2   | Found a staircase to the Swamp.
 16098 | Lair:2   | Noticed an alligator
 16126 | Lair:2   | Killed an alligator
 16762 | Lair:3   | Reached XP level 13. HP: 107/113 MP: 13/13
 16763 | Lair:3   | Reached skill level 5 in Dodging
 17005 | Lair:3   | Found a hole to the Spider Nest.
 18323 | Lair:4   | Identified the +3 leather armour of the Dolphin {Fly rF+
                  | Stlth+}
 18811 | Lair:5   | Entered Level 5 of the Lair of Beasts
 19113 | Lair:5   | Found a staircase to the Slime Pits.
 19245 | Lair:5   | Reached XP level 14. HP: 60/126 MP: 14/14
 19351 | Lair:5   | Identified the +0 chain mail "Taaggaiz" {rC+ Stlth+}
 20000 | Lair:5   | Paralysed by a hornet for 2 turns
 20254 | D:12     | Noticed Nergalle
 20269 | D:12     | Killed Nergalle
 20370 | D:12     | Found Wadgh's Book Boutique.
 20592 | D:12     | Noticed Jorgrun
 20624 | D:12     | Killed Jorgrun
 20971 | D:12     | Noticed Frances
 21256 | D:12     | Killed Frances
 21839 | D:13     | Found Ogaluchi's Book Shoppe.
 22813 | D:14     | Found a runed translucent gate.
 22814 | D:14     | Found a runed translucent gate.
 22814 | D:14     | Found a runed translucent gate.
 22814 | D:14     | Noticed a lich
 22815 | D:14     | Found an ancient bone altar of Kikubaaqudgha.
 22815 | D:14     | Noticed Gonkerye's ghost (journeyman DgHu)
 22815 | D:14     | Noticed a lich
 22815 | D:14     | Noticed a lich
 22815 | D:14     | Noticed a lich
 23179 | D:14     | Found a runed translucent door.
 23213 | D:14     | Reached XP level 15. HP: 63/138 MP: 15/15
 23303 | D:14     | Identified the ring of Tiridos {rElec rN++ MP-9 EV+5 Int+3}
 23625 | D:14     | Found a gate to the Vaults.
 23805 | D:14     | Identified a scroll of acquirement
 23806 | D:14     | Acquired a +2 broad axe of distortion
 23840 | D:13     | Bought a manual of Axes for 1120 gold pieces
 23880 | D:14     | Killed a lich
 23880 | D:14     | Killed a lich
 23888 | D:14     | Killed a lich
 23889 | D:14     | Killed Gonkerye's ghost
 23895 | D:14     | Killed a lich
 24039 | D:14     | Identified the amulet of Kisira Bagg {RegenMP Dex+3}
 24044 | D:14     | Identified the +1 hat of Kiloxom {+Inv rN+ Regen+ rCorr}
 24076 | D:15     | Entered Level 15 of the Dungeon
 24687 | D:15     | Found a burning altar of Makhleb.
 24941 | D:15     | Found a staircase to the Depths.
 25146 | D:15     | Found a portal to a secret trove of treasure.
 25388 | Orc:1    | Entered Level 1 of the Orcish Mines
 25477 | Orc:2    | Entered Level 2 of the Orcish Mines
 25579 | Orc:2    | Found Popsym's Magic Scroll Shop.
 25606 | Orc:2    | Reached skill level 15 in Fighting
 25610 | Orc:2    | Found Iblos's Distillery.
 25620 | Orc:2    | Noticed Snorg
 25827 | Orc:1    | Found a roughly hewn altar of Beogh.
 25855 | Orc:1    | Found a transporter.
 25864 | Orc:1    | Reached skill level 15 in Shields
 25871 | Orc:1    | Noticed Refias Xutt's ghost (journeyman DrAl)
 25877 | Orc:1    | Identified the +7 great mace "Inen" {protect, rC+ Int+2}
 25877 | Orc:1    | Identified the +1 great mace of the Beast {speed, rElec rF+
                  | rC+ Str+2}
 25898 | Orc:1    | Found a transporter.
 26052 | Orc:1    | Reached skill level 15 in Armour
 26355 | Orc:2    | Bought a scroll of enchant weapon for 105 gold pieces
 26355 | Orc:2    | Bought 2 scrolls of blinking for 210 gold pieces
 26479 | Orc:2    | Reached XP level 16. HP: 109/149 MP: 7/16
 26491 | Orc:2    | Reached skill level 1 in Necromancy
 26506 | Orc:2    | Found Wapu's Antique Armour Shoppe.
 26506 | Orc:2    | Found Quirghaga's Jewellery Emporium.
 26507 | Orc:2    | Found a one-way gate leading to the halls of Pandemonium.
 26513 | Orc:2    | Bought a jewelled plate armour for 700 gold pieces
 26513 | Orc:2    | Identified the +4 plate armour of the Apricot {Str+3} (You
                  | bought it in a shop on level 2 of the Orcish Mines)
 26581 | Orc:2    | Found a staircase to the Elven Halls.
 26651 | Orc:2    | Killed Snorg
 26745 | Orc:2    | Learned a level 3 spell: Vampiric Draining
 26874 | Spider:1 | Entered Level 1 of the Spider Nest
 26884 | Spider:1 | Reached skill level 5 in Necromancy
 27007 | Spider:1 | Reached ****** piety under Wu Jian
 27049 | Spider:1 | Reached skill level 10 in Necromancy
 27828 | Spider:2 | Noticed Louise
 27854 | Spider:2 | Killed Louise
 28290 | Spider:3 | Noticed Arachne
 28323 | Spider:3 | Killed Arachne
 28692 | Spider:3 | Reached XP level 17. HP: 19/162 MP: 8/17
 29079 | Spider:3 | Noticed Roxanne
 29379 | Spider:3 | Killed Roxanne
 29434 | Spider:4 | Entered Level 4 of the Spider Nest
 29742 | Spider:4 | Reached skill level 10 in Evocations
 30443 | Spider:4 | Got a gossamer rune of Zot
 30625 | Swamp:1  | Entered Level 1 of the Swamp
 30637 | Swamp:1  | Acquired the amulet of Esiel {rElec Will+ Regen+ Stlth-}
 31255 | Swamp:2  | Identified the ring of the Fool {Str+3 Dex+6}
 31583 | Swamp:2  | Reached XP level 18. HP: 171/173 MP: 9/18
 31719 | Swamp:3  | Learned a level 4 spell: Dispel Undead
 32027 | Swamp:3  | Identified the +0 flail of In Flagrante Delicto {freeze,
                  | rElec rPois rF+ Int+3}
 32391 | Swamp:4  | Entered Level 4 of the Swamp
 32665 | Swamp:4  | Acquired the +10 broad axe of Pestilence {spect, rC+ Dex+2}
 33144 | Swamp:4  | Got a decaying rune of Zot
 33524 | Elf:1    | Entered Level 1 of the Elven Halls
 33567 | Elf:1    | Noticed Nikola
 33581 | Elf:1    | Killed Nikola
 34355 | Elf:1    | Noticed Agnes
 34370 | Elf:1    | Killed Agnes
 34371 | Elf:1    | Reached XP level 19. HP: 169/183 MP: 10/19
 34908 | Elf:2    | Found a runed translucent gate.
 34909 | Elf:2    | Found a runed translucent gate.
 34909 | Elf:2    | Found a runed translucent gate.
 35106 | Elf:2    | Paralysed by an air elemental for 1 turns
 35967 | Elf:3    | Entered Level 3 of the Elven Halls
 35967 | Elf:3    | Found Hoeclud's Armour Emporium.
 35967 | Elf:3    | Found Qucsy's Distillery.
 35974 | Elf:3    | Bought a potion of curing for 36 gold pieces
 35974 | Elf:3    | Bought a potion of curing for 36 gold pieces
 35974 | Elf:3    | Bought a potion of curing for 36 gold pieces
 35974 | Elf:3    | Bought a potion of cancellation for 96 gold pieces
 35974 | Elf:3    | Bought a potion of curing for 36 gold pieces
 35974 | Elf:3    | Bought 2 potions of berserk rage for 120 gold pieces
 36044 | Elf:3    | Identified the +6 hand axe of Beogh's Regard {drain, rElec
                  | rC- Str+2 Dex+4}
 36112 | Elf:3    | Found Masewk's Weapon Boutique.
 36616 | Elf:3    | Found Leho's Weapon Shoppe.
 36622 | Elf:3    | Found Jivoluob's General Store.
 36889 | Elf:3    | Identified the +8 mace "Nabruuto" {freeze, Will+ Str-3
                  | Stlth+}
 36895 | Elf:3    | Identified the +4 war axe of Uriliw {flame, ^Drain rElec
                  | rF+ rC+}
 36905 | Elf:3    | Identified the staff of Glory {*Slow ^Fragile rElec rN+++
                  | Dex+4 Air}
 36911 | Elf:3    | Identified the +3 broad axe "Hydrabane" {protect, Fly rC+
                  | Dex+3}
 36911 | Elf:3    | Identified the +2 buckler of the Original Sin {Will+ Regen+
                  | Int+4}
 36911 | Elf:3    | Identified the ring of Cyng {rF+ Will+ Str+2 Slay-3 SInv}
 37091 | Elf:3    | Identified the +5 arbalest of Tiryvuod {flame, rF+ Str+3
                  | Int+3}
 37102 | Elf:3    | Identified the staff of Mups {rN+ Str+5 Earth}
 37110 | Elf:3    | Got the Volume of Nival Shadows
 37149 | Elf:3    | Got the Meditations on the Synthesized Plateau
 37524 | Vaults:1 | Entered Level 1 of the Vaults
 37531 | Vaults:1 | Reached XP level 20. HP: 195/195 MP: 11/20
 37558 | Vaults:1 | Noticed Asterion
 37566 | Vaults:1 | Gained mutation: You are frail. (-10% HP) [a cacodemon]
 37567 | Vaults:1 | Killed Asterion
 38657 | Vaults:2 | Found Gucvebbo's Magic Scroll Shop.
 38664 | Vaults:2 | Bought a scroll of blinking for 97 gold pieces
 38664 | Vaults:2 | Bought a scroll of enchant armour for 97 gold pieces
 39443 | Vaults:2 | Found a staircase to the Crypt.
 40135 | Vaults:3 | Paralysed by a formless jellyfish for 1 turns
 40346 | Vaults:3 | Reached XP level 21. HP: 83/185 MP: 12/21
 41038 | Vaults:4 | Found Gyzaexof's Armour Shop.
 41136 | Vaults:4 | Identified the +4 robe "Xotinwel" {rPois Dex+4}
 41136 | Vaults:4 | Noticed Boris
 41151 | Vaults:4 | Killed Boris
 41158 | Vaults:4 | Found Iqaps's Antique Armour Shoppe.
 41197 | Vaults:4 | Found a magical portal.
 41206 | WizLab   | Entered The Roulette of Golubria
 41206 | WizLab   | Found a transporter.
 41217 | WizLab   | Found a corrupted altar of Lugonu.
 41258 | WizLab   | Found the +1 cloak of Starlight {*Dazzle EV+4 Stlth--}
 41286 | WizLab   | Found a transporter.
 41340 | WizLab   | Found a transporter.
 41468 | WizLab   | Found a transporter.
 41474 | WizLab   | Found a transporter.
 41510 | WizLab   | Found a transporter.
 41511 | WizLab   | Found a corrupted altar of Lugonu.
 41525 | WizLab   | Noticed a profane servitor
 41652 | WizLab   | Found a transporter.
 41652 | WizLab   | Found a transporter.
 41757 | WizLab   | Got the Encyclopedia of Orientation
 41767 | WizLab   | Found a transporter.
 41776 | WizLab   | Found a transporter.
 41804 | WizLab   | Found a transporter.
 41816 | WizLab   | Found a transporter.
 41824 | WizLab   | Found a transporter.
 41824 | WizLab   | Found a transporter.
 41824 | WizLab   | Found a corrupted altar of Lugonu.
 41835 | WizLab   | Found a corrupted altar of Lugonu.
 41966 | WizLab   | Identified the +1 cloak "Daofoqut" {+Blink}
 42013 | WizLab   | Found a transporter.
 42013 | WizLab   | Found a transporter.
 42045 | WizLab   | Found a transporter.
 42063 | WizLab   | Killed a profane servitor
 43220 | Vaults:5 | Entered Level 5 of the Vaults
 43229 | Vaults:5 | Reached XP level 22. HP: 143/193 MP: 13/22
 43253 | Vaults:5 | Noticed a dread lich
 43262 | Vaults:5 | Killed a dread lich
 43306 | Vaults:5 | Found the +8 orange crystal plate armour {Archmagi, Int+3
                  | Clar}
 43446 | Vaults:5 | Noticed a golden dragon
 43451 | Vaults:5 | Killed a golden dragon
 43606 | Vaults:5 | Noticed a golden dragon
 43607 | Vaults:5 | Noticed an ancient lich
 43614 | Vaults:5 | Killed a golden dragon
 43614 | Vaults:5 | Identified the ring of Senaokisu {Ice Int+3}
 43618 | Vaults:5 | HP: 8/193 [shadow dragon (5)]
 43742 | Vaults:5 | Found Xufeehum's Antique Weapon Shoppe.
 43819 | Vaults:5 | Reached skill level 10 in Dodging
 43830 | Vaults:5 | Killed an ancient lich
 43902 | Vaults:5 | Identified the +4 hand axe of Beogh's Brutal Revenge
                  | {freeze, rElec rC+}
 43912 | Vaults:5 | Got a silver rune of Zot
 44018 | Vaults:5 | Noticed a golden dragon
 44026 | Vaults:5 | Killed a golden dragon
 44214 | Vaults:5 | Identified the staff of Intuition {Str+5 Dex+2 Conj}
 44218 | Vaults:5 | Got Suecwootz's Tome of the Summer and Companions
 44308 | Vaults:5 | Acquired a manual of Dodging
 44318 | Vaults:5 | Identified the +0 pair of boots of Joy {Str+7 Int+2}
 45038 | Slime:1  | Entered Level 1 of the Pits of Slime
 45083 | Slime:3  | Noticed Dissolution
 45090 | Slime:3  | Killed Dissolution
 45133 | Slime:4  | Gained mutation: You are vulnerable to cold. (rC-) [a
                  | shining eye]
 45135 | Slime:4  | Reached XP level 23. HP: 190/200 MP: 14/23
 45136 | Slime:4  | Gained mutation: Armour fits poorly on your strangely
                  | shaped body. [a shining eye]
 45283 | Slime:5  | Entered Level 5 of the Pits of Slime
 45289 | Slime:5  | Gained mutation: You do not regenerate when monsters are
                  | visible. [a shining eye]
 45292 | Slime:5  | Gained mutation: Your magical capacity is low. (-10% MP) [a
                  | shining eye]
 45301 | Slime:5  | Lost mutation: You are frail. (-10% HP) [potion of
                  | mutation]
 45301 | Slime:5  | Lost mutation: You do not regenerate when monsters are
                  | visible. [potion of mutation]
 45301 | Slime:5  | Lost mutation: Armour fits poorly on your strangely shaped
                  | body. [potion of mutation]
 45301 | Slime:5  | Gained mutation: You are resistant to electric shocks.
                  | (rElec) [potion of mutation]
 45301 | Slime:5  | Gained mutation: You possess an exceptional clarity of
                  | mind. [potion of mutation]
 45455 | Slime:5  | Reached skill level 27 in Axes
 45472 | Slime:5  | Gained mutation: Armour fits poorly on your strangely
                  | shaped body. [a shining eye]
 45611 | Slime:5  | Noticed the Royal Jelly
 45627 | Slime:5  | Killed the Royal Jelly
 46112 | Slime:5  | Identified the +7 chain mail of Kopparoa {+Inv rPois Will-
                  | Int+5}
 46148 | Slime:5  | Identified the amulet of Abrasae {Will++ Regen+ Dex+3}
 46154 | Slime:5  | Got a slimy rune of Zot
 46171 | Slime:5  | Identified the amulet "Omome" {RegenMP Fly rF+ rCorr}
 46191 | Slime:5  | Got the Discursus on Battle Magic
 46205 | Slime:5  | Identified the +7 plate armour of the Ego {Fly rF- Str+2}
 46327 | Lair:5   | Lost mutation: Armour fits poorly on your strangely shaped
                  | body. [potion of mutation]
 46327 | Lair:5   | Lost mutation: You are resistant to electric shocks.
                  | (rElec) [potion of mutation]
 46327 | Lair:5   | Lost mutation: You possess an exceptional clarity of mind.
                  | [potion of mutation]
 46327 | Lair:5   | Gained mutation: You are occasionally teleported next to
                  | monsters. [potion of mutation]
 46328 | Lair:5   | Lost mutation: Your magical capacity is low. (-10% MP)
                  | [potion of mutation]
 46328 | Lair:5   | Lost mutation: You are occasionally teleported next to
                  | monsters. [potion of mutation]
 46328 | Lair:5   | Gained mutation: You are vulnerable to heat. (rF-) [potion
                  | of mutation]
 46328 | Lair:5   | Lost mutation: You are vulnerable to heat. (rF-) [potion of
                  | mutation]
 46328 | Lair:5   | Gained mutation: You are partially covered in iridescent
                  | scales. (AC +2) [potion of mutation]
 46627 | Depths:1 | Entered Level 1 of the Depths
 46688 | Depths:1 | Found Heihur's Armour Shop.
 46696 | Depths:1 | Bought a +2 tower shield for 231 gold pieces
 46999 | Depths:1 | Found The Oracle's Delphic Readings.
 47289 | Depths:1 | Identified the +8 flail of Fate {holy, Int+4 Stlth+}
 47291 | Depths:1 | Got Ezxivod's Parchment of Conjuration
 47710 | Depths:1 | Found a gateway to Hell.
 47718 | Depths:1 | Identified the ring "Calad" {rPois Str-2 Dex+4}
 47861 | Depths:2 | Noticed Saint Roka
 47871 | Depths:2 | Killed Saint Roka
 47982 | Depths:2 | Noticed Grunn
 48002 | Depths:2 | Killed Grunn
 48747 | Depths:3 | Reached XP level 24. HP: 212/234 MP: 14/23
 48822 | Depths:3 | Noticed Parghit
 48841 | Depths:3 | Killed Parghit
 49045 | Depths:3 | Identified the +7 dagger of the Holding Saviour {freeze,
                  | *Corrode Str+3 Int+4 Stlth+}
 49085 | Depths:2 | Noticed Norris
 49090 | Depths:2 | Reached skill level 15 in Evocations
 49096 | Depths:2 | Killed Norris
 49389 | Depths:3 | Identified the +5 rapier of the Bear {drain, Fly rF+ rC-}
 49409 | Depths:3 | Found a one-way gate to the infinite horrors of the Abyss.
 49759 | Depths:4 | Entered Level 4 of the Depths
 49773 | Depths:4 | Identified the +3 robe of Servitude {Will+}
 49773 | Depths:4 | Noticed Boris
 49777 | Depths:4 | Killed Boris
 49958 | Depths:3 | Found a runed translucent door.
 49968 | Depths:3 | Found a runed translucent door.
 50043 | Depths:3 | Found a runed translucent door.
 50046 | Depths:3 | Found a runed translucent door.
 50089 | Depths:3 | Identified the storm talisman "Demor" {MP+9 Str-4 Int+3}
 50096 | Depths:3 | Identified the ring of Itei {rCorr Str+6}
 50102 | Depths:3 | Identified the ring "Kyrch" {rCorr Int+2}
 50103 | Depths:3 | Identified the +4 chain mail "Petripy" {rN+ Str+3}
 50106 | Depths:3 | Identified the +9 great mace of Disharmony {holy, ^Drain
                  | rElec Will+++}
 50281 | Depths:4 | Found a broken altar of Ashenzari.
 50648 | Depths:4 | Found a one-way gateway to a ziggurat.
 50663 | Depths:4 | Identified the +8 halberd "Dina" {flame, *Slow rElec Int+2}
 50731 | Depths:4 | Found a gate to the Realm of Zot.
 51085 | Zot:1    | Entered Level 1 of the Realm of Zot
 52427 | Zot:2    | Reached XP level 25. HP: 220/248 MP: 14/23
 52979 | Zot:3    | Found the +4 dragonskin cloak
 52979 | Zot:3    | Noticed Tiamat
 53011 | Zot:3    | Killed Tiamat
 53393 | Zot:3    | You fall into a shaft and drop 1 floor!
 53739 | Zot:4    | Identified the +0 buckler of the Eternal Fruit {rPois rC+
                  | Dex-3}
 53821 | Zot:4    | Reached skill level 27 in Fighting
 55165 | Zot:5    | Entered Level 5 of the Realm of Zot
 55205 | Zot:5    | Identified the +6 morningstar "Dragon's Tongue" {drain,
                  | ^Contam rPois Will+ Str+3}
 55976 | Zot:5    | Noticed a dread lich
 55990 | Zot:5    | Killed a dread lich
 55994 | Zot:5    | Noticed an orb of fire
 56009 | Zot:5    | Gained mutation: You occasionally lose the ability to read
                  | scrolls when taking damage. [an orb of fire]
 56014 | Zot:5    | Noticed an orb of fire
 56015 | Zot:5    | Gained mutation: You sometimes lose the ability to read
                  | scrolls when taking damage. [an orb of fire]
 56019 | Zot:5    | Killed an orb of fire
 56019 | Zot:5    | Gained mutation: Armour fits poorly on your strangely
                  | shaped body. [an orb of fire]
 56019 | Zot:5    | Noticed an orb of fire
 56020 | Zot:5    | Reached XP level 26. HP: 266/266 MP: 14/23
 56021 | Zot:5    | Gained mutation: You are occasionally teleported next to
                  | monsters. [an orb of fire]
 56023 | Zot:5    | Gained mutation: You occasionally lose the ability to drink
                  | potions when taking damage. [an orb of fire]
 56027 | Zot:5    | Noticed an ancient lich
 56033 | Zot:5    | Killed an orb of fire
 56034 | Zot:5    | Gained mutation: Your health recovers twice as slowly from
                  | being drained. [an orb of fire]
 56043 | Zot:5    | Killed an orb of fire
 56059 | Zot:5    | Killed an ancient lich
 56086 | Zot:5    | Noticed an ancient lich
 56129 | Zot:5    | Killed an ancient lich
 56347 | Zot:5    | Lost mutation: You are vulnerable to cold. (rC-) [potion of
                  | mutation]
 56347 | Zot:5    | Lost mutation: You occasionally lose the ability to drink
                  | potions when taking damage. [potion of mutation]
 56347 | Zot:5    | Lost mutation: You sometimes lose the ability to read
                  | scrolls when taking damage. [potion of mutation]
 56347 | Zot:5    | Gained mutation: You are weak. (Str -2) [potion of
                  | mutation]
 56347 | Zot:5    | Gained mutation: You have an increased reservoir of magic.
                  | (+10% MP) [potion of mutation]
 56348 | Zot:5    | Lost mutation: You have an increased reservoir of magic.
                  | (+10% MP) [potion of mutation]
 56348 | Zot:5    | Lost mutation: Your health recovers twice as slowly from
                  | being drained. [potion of mutation]
 56348 | Zot:5    | Lost mutation: Armour fits poorly on your strangely shaped
                  | body. [potion of mutation]
 56348 | Zot:5    | Gained mutation: You have sharp fingernails. [potion of
                  | mutation]
 56348 | Zot:5    | Gained mutation: Armour fits poorly on your strangely
                  | shaped body. [potion of mutation]
 56349 | Zot:5    | Lost mutation: You are weak. (Str -2) [potion of mutation]
 56349 | Zot:5    | Lost mutation: You are partially covered in iridescent
                  | scales. (AC +2) [potion of mutation]
 56349 | Zot:5    | Lost mutation: You have sharp fingernails. [potion of
                  | mutation]
 56349 | Zot:5    | Gained mutation: Your mind is acute. (Int +4, Str/Dex -1)
                  | [potion of mutation]
 56350 | Zot:5    | Lost mutation: You occasionally lose the ability to read
                  | scrolls when taking damage. [potion of mutation]
 56350 | Zot:5    | Lost mutation: Your mind is acute. (Int +4, Str/Dex -1)
                  | [potion of mutation]
 56350 | Zot:5    | Gained mutation: Your magical capacity is low. (-10% MP)
                  | [potion of mutation]
 56350 | Zot:5    | Gained mutation: Your system is resistant to poisons.
                  | (rPois) [potion of mutation]
 56654 | Zot:5    | Got the Orb of Zot
 56679 | Zot:5    | Noticed Usiosuih the pandemonium lord
 56725 | Zot:5    | Paralysed by a Zot trap for 4 turns
 56754 | Zot:5    | Killed Usiosuih the pandemonium lord
 56967 | Depths:3 | Noticed Bukhlen the pandemonium lord
 56976 | Depths:2 | Noticed Fouptaij the pandemonium lord
 56990 | Depths:2 | Killed Fouptaij the pandemonium lord
 57541 | D:$      | Escaped with the Orb!

Illustrated notes

Levels and vault maps discovered:
D:1:      lightli_arrival_quake, layout_basic,
          dilly_ecumenical_altar_fadedgnrine, minmay_hexomino_r4
D:2:      layout_basic
D:3:      layout_basic, mainiacjoe_overflow_paths, uniq_jessica
D:4:      corexii_shantytown, layout_basic, nicolae_ossuary_entry_plus,
          serial_co_window_serial, co_window_paths_a, co_window_corner_a,
          co_window_paths_a, co_window_of_opportunity_a,
          co_window_of_opportunity_a, co_window_corner_ca, co_window_broadway_c,
          co_window_unsneaky_path_b, co_window_2corner,
          kennysheep_generic_room_13, uniq_pikel
D:5:      layout_cave_pods, nicolae_overflow_hallway_of_the_gods,
          minmay_temple_entry_stoned_glass, chequers_hall_statues_y
D:6:      layout_rooms, serial_aquarium, aquarium_bridge_straight
          [aquarium_subvault_bridge, aquarium_subvault_balcony,
          aquarium_subvault_bridge, aquarium_subvault_window],
          aquarium_window_1, aquarium_window_corner, aquarium_window_double,
          aquarium_view_2g, aquarium_balcony_5b, aquarium_pool_1,
          kennysheep_cross_room, chequers_serial_rivers_micro_b,
          corexii_corridor_pit
D:7:      layout_cave_pods, mainiacjoe_overflow_boulevard,
          ebering_ghost_reflecting_pool, uniq_duvessa
D:8:      layout_loops_ring, special_room [special_room_orc],
          kennysheep_generic_room_4
D:9:      layout_cross, orc_0_dummy
D:10:     layout_basic, dk_xom_monty_hall, kennysheep_mini_moat, serial_shops,
          nicolae_shop_pleasant_corner_grove, uniq_joseph, uniq_maggie
D:11:     layout_basic, lair_entry_dummy, uniq_erolcha, uniq_psyche,
          uniq_maurice
D:12:     layout_rooms, serial_shops, shop, minmay_circle_x, uniq_frances,
          uniq_nergalle, uniq_jorgrun
D:13:     layout_loops_corners, serial_shops, shop
D:14:     minmay_the_grid_triangle_9x9_line_8_mashed
          [minmay_the_grid_triangle_9x9_windchime,
          minmay_the_grid_triangle_9x9_odd_lines,
          minmay_the_grid_triangle_9x9_intruding_spiral,
          minmay_the_grid_triangle_9x9_negative_grid,
          minmay_the_grid_triangle_9x9_empty,
          minmay_the_grid_triangle_9x9_subtriangle,
          minmay_the_grid_triangle_9x9_zippers_horizontal,
          minmay_the_grid_triangle_9x9_prize_schism], layout_basic,
          hellmonk_vaults_keyhole, serial_park_tiny_pond, gammafunk_ghost_crypt,
          hive_lemuel
D:15:     hangedman_depths_entry_try_elsewhere_first, layout_loops_corners,
          lemuel_tele_altar, enter_trove_6
Lair:1:   layout_hall_layers, basic_altar, uniq_urug
Lair:2:   layout_hall_layers, mainiacjoe_swamp_entry_lozenge_pond,
          portal_ice_cave_entry_pillars_2, lemuel_fruit_fields,
          grunt_megastairs_4, lemuel_fruit_fields, infiniplex_staircase_pool_2
Lair:3:   layout_concentric_octagons, nicolae_spider_entry_non_spiders,
          lemuel_fruit_fields
Lair:4:   minmay_lair_oklob_tunnel, layout_cave_pods, serial_bayou_shore_a
Lair:5:   wormcave, layout_cave_pods, slime_entry_1
Swamp:1:  layout_basic_swamp, evilmike_swamp_ruin_house_2, swamp_pool_3
Swamp:2:  layout_basic_swamp, hangedman_swamp_ruin_wall, swamp_pool_1_2
Swamp:3:  nicolae_swamp_husk_halls, layout_basic_swamp,
          nicolae_swamp_small_spring
Swamp:4:  swamp_vile, layout_basic_swamp
Spider:1: layout_spider_delve
Spider:2: layout_spider_delve, uniq_louise
Spider:3: nicolae_spider_brood_tunnel, special_room [special_room_bee],
          uniq_roxanne, uniq_arachne
Spider:4: grunt_spider_rune_circles
Slime:1:  layout_caves
Slime:2:  layout_caves, nicolae_slime_rock_hall_of_fame
Slime:3:  layout_caves, dissolution_awaits
Slime:4:  layout_caves
Slime:5:  slime_pit_nicolae_royal_road_to_ruin
Orc:1:    layout_diamond_mine, basic_altar, gammafunk_ghost_smash,
          nicolae_orc_lava_room
Orc:2:    pf_orc_diabolical, layout_caves, blackcustard_rock_pile, uniq_snorg
Elf:1:    minmay_slanted_spiral_squares, layout_loops_corners, kb_rosetta,
          kilobyte_rumbling_trees, uniq_nikola, uniq_agnes
Elf:2:    nicolae_elf_blades_crystal_corner, layout_loops_corners
Elf:3:    elf_hall, layout_geoelf_grid, serial_shops,
          nicolae_shop_bloodbath_and_beyond, nicolae_shop_trees, shop,
          nicolae_diamond_shop, shop, minmay_fountain_box
Vaults:1: ontoclasm_vaults_fault, hangedman_vaults_slice,
          nicolae_vaults_layer_cake_slice, nicolae_vaults_octagons,
          nicolae_vaults_trapezoid_2, v_rooms_3,
          nicolae_vaults_storage_room_glass, ontoclasm_vaults_loading_screen,
          nicolae_vaults_house_1, layout_vaults_ring, uniq_asterion
Vaults:2: nicolae_vaults_trapezoid_lopsided_4, vaults_dpeg_doors,
          blue_anna_dwarven_crypt, grunt_vaults_hallway_short,
          nicolae_vaults_alarming, nicolae_vaults_border_crossing,
          nicolae_vaults_tetromino_L_1, hangedman_vaults_cutoff,
          vaults_room_pool, layout_vaults_omnigrid, serial_shops,
          nicolae_shop_just_a_little_nook
Vaults:3: vaults_room_large_hall, hangedman_vaults_restitches,
          vaults_mumra_minichess_inversion, hangedman_surveillance_ring,
          ontoclasm_vaults_claustrophobia, nicolae_vaults_two_Ls,
          nicolae_vaults_little_squares_6, nicolae_vaults_surprise_closet,
          nicolae_vaults_little_squares_3, hangedman_vaults_river_flow,
          nicolae_vaults_six-pack, layout_vaults_omnibox
Vaults:4: mu_enter_wizlab_6, nicolae_vaults_c_with_doors,
          hangedman_vaults_slice, v_rooms_6, vaults_mumra_chevron,
          nicolae_vaults_trapezoid_lopsided_4, vaults_room_mumra_shop_pool,
          nicolae_vaults_little_squares_1, v_alt_pattern_4, v_alt_pattern_4,
          nicolae_vaults_variable_pillar_hall, v_misc_22,
          nicolae_vaults_mini_display_case, layout_vaults_big_cross,
          serial_shops, nicolae_shop_behind_doors, uniq_boris
Vaults:5
Depths:1: minmay_two_paths, layout_gridlike, grunt_hell_entry_dis_old,
          serial_shops, nicolae_diamond_shop, minmay_misc_feat_rugged,
          st_stairs_2, grunt_decor_cap, grunt_ministairs_14,
          nicolae_nh_oracle_at_delphi
Depths:2: cheibrodos_quadrivalence, layout_cave_pools, hell_entry,
          rand_demon_pan_entry_9, nicolae_twisting_strands, hex_large,
          uniq_saint_roka, uniq_norris, uniq_grunn
Depths:3: impenetrable_vault, layout_cave_pools, abyss_entry_crystal,
          hangedman_glass_teeth, hellmouth_1, hangedman_decor_riveting,
          kennysheep_just_a_vault, uniq_parghit
Depths:4: grunt_zot_entry_tricorne, layout_gridlike, enter_ziggurat_b,
          serial_bayou_shore_b, pf_coc_iceberg, nicolae_ashenzari_skybound
Zot:1:    layout_gridlike
Zot:2:    layout_gridlike
Zot:3:    layout_gridville, hangedman_zot_diagonal_lockstep, grunt_megastairs_5,
          uniq_tiamat
Zot:4:    layout_concentric_octagons, lemuel_baited_zot_trap
Zot:5:    layout_onion

Skill      XL: |  1  2  3  4  5  6  7  8  9 10 11 12 13 14 15 16 17 18 19 20 21 22 23 24 25 26 |
---------------+-------------------------------------------------------------------------------+-----
Axes           | 4 5 6 8 9 10 11 14 16 19 20 22 23 26 27 | 27.0
Armour         | 5 6 8 10 12 13 15 16 18 19 20 21 23 | 23.1
Fighting       | 6 7 9 10 12 14 15 17 18 19 20 21 22 24 27 | 27.0
Shields        | 8 10 12 13 15 16 18 19 20 21 22 23 | 23.9
Evocations     | 8 13 14 16 | 16.0
Dodging        | 4 5 7 10 12 14 | 14.5
Necromancy     | 12 13 14 | 14.0

Action                     |  1- 3 |  4- 6 |  7- 9 | 10-12 | 13-15 | 16-18 | 19-21 | 22-24 | 25-27 || total
---------------------------+-------+-------+-------+-------+-------+-------+-------+-------+-------++-------
  Melee: Hand axe          |    89 |   281 |   502 |       |       |       |       |       |       ||   872
         Unarmed           |       |       |    10 |       |       |       |       |       |       ||    10
         War axe           |       |       |    85 |   638 |  1187 |       |       |       |       ||  1910
         Broad axe         |       |       |       |       |   443 |  1742 |  1239 |  1284 |   721 ||  5429
  Throw: Boomerang         |       |       |     4 |     2 |     3 |       |       |       |       ||     9
         Throwing net      |       |       |     2 |       |       |       |       |       |       ||     2
         Dart              |       |       |     1 |       |     2 |     9 |       |       |       ||    12
         Javelin           |       |       |       |       |     3 |       |       |       |       ||     3
   Cast: Dispel Undead     |       |       |       |       |       |       |       |     1 |       ||     1
 Invoke: Serpent's Lash    |       |     1 |     4 |    12 |    10 |     9 |     6 |     5 |     1 ||    48
         Heavenly Storm    |       |       |       |     1 |     2 |       |     3 |       |     2 ||     8
Ability: Lunge             |       |    16 |    52 |    41 |    78 |    73 |   111 |   114 |    49 ||   534
         Whirlwind         |       |    27 |     7 |    67 |   109 |    72 |    43 |   120 |    59 ||   504
  Evoke: Wand              |       |       |       |     3 |    10 |    13 |     9 |     2 |     4 ||    41
         Phantom mirror    |       |       |       |       |     1 |       |       |     2 |     1 ||     4
         Lightning rod     |       |       |       |       |       |     4 |       |       |       ||     4
         Tin of tremorston |       |       |       |       |       |     2 |       |       |       ||     2
         Phial of floods   |       |       |       |       |       |     1 |       |       |       ||     1
    Use: Scroll            |       |     4 |     9 |    14 |    14 |     6 |     7 |    14 |     3 ||    71
         Potion            |       |     1 |     8 |     5 |     2 |     2 |     5 |    10 |    10 ||    43
   Stab: Held in net/web   |       |       |     3 |       |       |     1 |       |       |       ||     4
         Distracted        |       |       |     1 |       |       |     3 |    31 |    32 |    17 ||    84
         Invisible         |       |       |       |       |       |       |       |    11 |       ||    11
 Armour: Robe              |     8 |       |       |       |       |       |       |       |       ||     8
         Chain mail        |    49 |   224 |   133 |       |       |       |       |       |       ||   406
         Plate armour      |     5 |       |   175 |   442 |   855 |  1147 |   442 |    14 |       ||  3080
         Skin              |       |    18 |    56 |       |       |       |       |       |       ||    74
         Crystal plate arm |       |       |       |       |       |       |       |   433 |   296 ||   729
  Dodge: Dodged            |    34 |    72 |   118 |   169 |   515 |   583 |   208 |   305 |   176 ||  2180
  Block: Kite shield       |       |       |       |   332 |  1394 |   412 |       |       |       ||  2138
         Reflection        |       |       |       |       |    48 |    11 |       |       |       ||    59
         Tower shield      |       |       |       |       |       |  1678 |   640 |   861 |   488 ||  3667

Table legend: (Time is in decaauts)
 A = Elapsed time spent in this place.
 B = Non-inter-level travel time spent in this place.
 C = Inter-level travel time spent in this place.
 D = Time resting spent in this place.
 E = Time spent auto-exploring this place.
 F = Levels seen in this place.
 G = Mean time per level.
                   A        B        C        D        E       F      G
               +--------+--------+--------+--------+--------+-----+--------+
         Total |  56437 |  52342 |   4095 |   7677 |  32531 |  55 | 1026.1 |
       Dungeon |  18677 |  16902 |   1775 |   3505 |  10577 |  15 | 1245.1 |
          Lair |   6255 |   5589 |    666 |    684 |   3661 |   5 | 1251.0 |
         Swamp |   2883 |   2684 |    199 |    275 |   1693 |   4 |  720.8 |
   Spider Nest |   3505 |   3336 |    169 |    481 |   1668 |   4 |  876.2 |
    Slime Pits |   1239 |   1205 |     34 |    363 |    324 |   5 |  247.8 |
  Orcish Mines |   1405 |   1241 |    164 |    222 |    630 |   2 |  702.5 |
   Elven Halls |   3722 |   3516 |    206 |    241 |   2384 |   3 | 1240.7 |
        Vaults |   6195 |   5962 |    233 |    287 |   4154 |   5 | 1239.0 |
        Depths |   4403 |   4149 |    254 |    315 |   2938 |   4 | 1100.8 |
           Zot |   5650 |   5257 |    393 |    765 |   3398 |   5 | 1130.0 |
       Ossuary |    973 |    973 |      0 |    204 |    326 |   1 |  973.0 |
      Ice Cave |    651 |    651 |      0 |    334 |    212 |   1 |  651.0 |
        Wizlab |    874 |    874 |      0 |      0 |    562 |   1 |  874.0 |
               +--------+--------+--------+--------+--------+-----+--------+

Top non-repeatable levels by time:
     D:4: 2281 daAuts
    D:14: 1690 daAuts
    D:10: 1544 daAuts
   Zot:5: 1478 daAuts
Vaults:5: 1454 daAuts
  Lair:5: 1387 daAuts
  Lair:1: 1364 daAuts
    D:11: 1363 daAuts
     D:2: 1352 daAuts
   Elf:1: 1325 daAuts
Vaults:3: 1313 daAuts
    D:12: 1303 daAuts
    D:15: 1299 daAuts
Vaults:4: 1283 daAuts
  Lair:4: 1277 daAuts
